 Dungeon Crawl Stone Soup version 0.21.1-1-g345015fe64 (webtiles) character file.

5600 Htamos the Basher (level 11, -6/75 HPs)
             Began as a Formicid Fighter on July 14, 2018.
             Was a Believer of Cheibriados.
             Killed from afar by Harold (20 damage)
             ... with a bolt of fire
             ... on level 10 of the Dungeon.
             The game lasted 00:20:43 (9996 turns).

Htamos the Basher (Formicid Fighter)                Turns: 9996, Time: 00:20:44

Health: -6/75      AC: 12    Str: 35 (36) XL:     11   Next: 3%
Magic:  11/11      EV:  9    Int: 10 (13) God:    Cheibriados [**....]
Gold:   360        SH: 13    Dex: 14 (16) Spells: 10/10 levels left

rFire    . . .     SeeInvis +   o - +3 mace (distort)
rCold    . . .     Gourm    .   c - +0 shield
rNeg     . . .     Faith    .   A - +0 chain mail
rPois    .         Spirit   .   (helmet unavailable)
rElec    .         Reflect  .   t - +0 cloak
rCorr    .         Harm     .   (no gloves)
MR       +....                  M - +1 pair of boots
Stlth    ..........             (no amulet)
HPRegen  0.22/turn              (no ring)
MPRegen  0.12/turn              (no ring)

@: mighty, very slow
A: permanent stasis, dig shafts and tunnels, four strong arms, antennae 3
a: Dig, Shaft Self, Bend Time, Renounce Religion


You were on level 10 of the Dungeon.
You worshipped Cheibriados.
Cheibriados was pleased with you.
You were not hungry.

You visited 2 branches of the dungeon, and saw 10 of its levels.
You also visited: Ossuary.

You collected 360 gold pieces.

Inventory:

Hand Weapons
 a - a +0 flail
 l - a +0 hunting sling
 n - a +3 short sword of holy wrath
 o - a +3 mace of distortion (weapon)
 u - a cursed -3 whip
Missiles
 m - 192 stones (quivered)
 C - 40 sling bullets
Armour
 b - a +0 scale mail
 c - a +0 shield (worn)
 e - a cursed +0 chain mail
 t - a +0 cloak (worn)
 A - a +0 chain mail (worn)
 M - a +1 pair of boots (worn)
Jewellery
 q - an uncursed amulet of the gourmand {unknown}
 E - a +4 ring of intelligence {unknown}
 U - an uncursed ring of see invisible {unknown}
Wands
 I - a wand of iceblast (12)
 K - a wand of disintegration (11)
 O - a wand of polymorph (13)
 W - a wand of enslavement (13)
Scrolls
 j - a scroll of fog
 k - 8 scrolls of remove curse
 r - 6 scrolls of teleportation
 y - 3 scrolls of magic mapping
 B - a scroll of enchant armour
 F - a scroll of immolation {unknown}
 G - 4 scrolls of identify
 N - a scroll of amnesia {unknown}
 P - a scroll of random uselessness {unknown}
 Q - a scroll of summoning {unknown}
 R - a scroll of fear
 T - a scroll of blinking {unknown}
Potions
 d - a potion of might
 g - 2 potions of haste
 h - 3 potions of curing {unknown}
 i - 2 potions of cancellation {unknown}
 p - 2 potions of degeneration
 s - a potion of flight {unknown}
 v - 2 potions of resistance
 w - a potion of lignification {unknown}
 x - a potion of agility {unknown}
 z - 2 potions of ambrosia {unknown}
 H - a potion of magic {unknown}
 L - a potion of mutation {unknown}
Books
 D - a book of Cantrips

   Spells                             Type                      Level
   a - Confusing Touch                Hexes                        1
   b - Animate Skeleton               Necromancy                   1
   c - Summon Small Mammal            Summoning                    1
   d - Apportation                    Translocation                1
 J - a Young Poisoner's Handbook

   Spells                             Type                      Level
   a - Sting                          Conjuration/Poison           1
   b - Poisonous Vapours              Poison/Air                   2
   c - Mephitic Cloud                 Conjuration/Poison/Air       3
   d - Olgreb's Toxic Radiance        Poison                       4
   e - Venom Bolt                     Conjuration/Poison           5
 S - a book of Maledictions

   Spells                             Type                      Level
   a - Corona                         Hexes                        1
   b - Ensorcelled Hibernation        Hexes/Ice                    2
   c - Confuse                        Hexes                        3
   d - Tukima's Dance                 Hexes                        3
   e - Dazzling Spray                 Conjuration/Hexes            3
Comestibles
 f - 17 rations
 V - 2 chunks of flesh


   Skills:
 - Level 3.2 Fighting
 + Level 13.7 Maces & Flails
 - Level 3.2 Armour
 - Level 9.0 Shields


You had 10 spell levels left.
You didn't know any spells.

Dungeon Overview and Level Annotations

Branches:
Dungeon (10/15)            Temple (1/1) D:4
   Lair: D:8-11         Orc: D:9-12

Altars:
Ashenzari
Cheibriados
Dithmenos
Elyvilon
Fedhas
Gozag
Hepliaklqana
Kikubaaqudgha
Makhleb
Nemelex Xobeh
Okawaru
Qazlal
Ru
Sif Muna
Trog
Uskayaw
Vehumet
Wu Jian
Xom
Yredelemnul
The Shining One

Shops:
D:6 :

Annotations:
D:10 Harold


Innate Abilities, Weirdness & Mutations

You cannot be hasted, slowed, berserked, paralysed or teleported.
You can dig through walls and to a lower floor.
Your four strong arms can wield two-handed weapons with a shield.
You have a pair of large antennae on your head. (SInv)


Message History

There was something very wrong with that liquid.
You feel weakened.
You feel dopey.
You feel clumsy.
You feel very mighty all of a sudden. Harold casts a spell at you.
The bolt of fire misses you.
Harold hits you from afar with a glaive!
* * * LOW HITPOINT WARNING * * *
You tear a large gash into the net.
You struggle against the net.
Harold hits you from afar with a glaive.
* * * LOW HITPOINT WARNING * * *
You shred the net and break free! You block Harold's attack.
Harold hits you with a glaive!
* * * LOW HITPOINT WARNING * * *
Found a stone staircase leading down.
You sock Harold!
Space bends around Harold.
Harold is moderately wounded.
Harold points at you and mumbles some strange words.
The bolt of fire hits you!
You die...

#........#####.......#...#.......
.........# #.......###.#.......
#........# #.......# #.'.......
#####.#### ####'#### ###.......
#.## #.# #....... #..# #.#
#....... ##.# #.# ######## #.#
########(###### #..
>.$...@@......>(
...#########.####### #.## #.# #.#
#.# #.# #.# #.# #.. ###


You could see Harold.

Vanquished Creatures
  The ghost of Htamos the Conjurer, a novice OpWz of Gozag (D:5)
  2 hornets (D:10)
  The ghost of lis82 the Magician, an amateur DgTm (D:4)
  Grinder (D:6)
  A hippogriff (D:8)
  Sigmund (D:3)
  A hungry ghost (D:7)
  A soldier ant (D:10)
  2 water moccasins
  An orc warrior (D:5)
  2 phantoms
  A black bear (D:10)
  An ice beast (D:10)
  A sky beast (D:5)
  2 necrophages
  3 centaurs
  5 ogres
  A bullfrog (D:6)
  A scorpion (D:6)
  A water moccasin skeleton (D:10)
  6 wights
  5 killer bees (D:7)
  A howler monkey (D:6)
  4 crimson imps
  4 centaur zombies (Ossuary)
  An orc priest (D:10)
  2 human zombies (Ossuary)
  2 jellies
  2 hounds
  3 orc wizards (D:4)
  Crazy Yiuf (D:4)
  A bullfrog skeleton (D:5)
  An iron imp (D:5)
  A centaur skeleton (D:6)
  3 iguanas
  3 worker ants
  A killer bee zombie (D:8)
  2 mummies (Ossuary)
  A hound skeleton (D:5)
  A howler monkey zombie (D:6)
  4 gnolls
  11 adders
  A shadow imp (D:7)
  2 adder zombies (D:6)
  13 dart slugs
  2 leopard geckos
  32 orcs
  8 bats
  5 giant cockroaches
  12 goblins
  4 hobgoblins
  21 jackals
  5 kobolds
  4 quokkas
  A ball python (D:3)
  6 frilled lizards
  4 goblin zombies (Ossuary)
  10 hobgoblin zombies (Ossuary)
  A jackal skeleton (D:5)
  10 kobold zombies (Ossuary)
  A leopard gecko zombie (D:6)
  3 orc zombies (Ossuary)
  5 rats
240 creatures vanquished.

Vanquished Creatures (others)
  A soldier ant (D:10)
  2 orc warriors
  A necrophage (D:10)
  An ogre (D:3)
  A crocodile (D:10)
  A scorpion (D:6)
  A howler monkey (D:10)
  A human zombie (Ossuary)
  A hound (D:10)
  An orc priest (D:5)
  A worker ant (D:10)
  2 gnolls
  A shadow imp (D:10)
  A worm (D:3)
  An orc (D:10)
  A giant cockroach (D:2)
  A jackal (D:7)
  A goblin zombie (Ossuary)
  2 orc zombies (Ossuary)
22 creatures vanquished.

Grand Total: 262 creatures vanquished

Notes
Turn   | Place    | Note
-------+----------+-------------------------------------------
     0 | D:1      | Htamos the Formicid Fighter began the quest for the Orb.
     0 | D:1      | Reached XP level 1. HP: 18/18 MP: 1/1
   142 | D:1      | Reached XP level 2. HP: 22/24 MP: 2/2
   473 | D:1      | Reached XP level 3. HP: 29/29 MP: 3/3
   849 | D:2      | Reached skill level 3 in Maces & Flails
   924 | D:2      | Found an iron altar of Okawaru.
  1003 | D:2      | Reached XP level 4. HP: 27/35 MP: 4/4
  1298 | D:2      | Reached skill level 5 in Shields
  1736 | D:2      | Reached XP level 5. HP: 41/41 MP: 5/5
  1867 | D:3      | Found a faded altar of an unknown god.
  1893 | D:3      | Noticed an ogre
  2071 | D:3      | Banished an ogre
  2071 | D:3      | Reached skill level 4 in Maces & Flails
  2071 | D:3      | Reached XP level 6. HP: 47/47 MP: 6/6
  3111 | D:3      | Noticed Sigmund
  3286 | D:3      | Killed Sigmund
  3286 | D:3      | Reached skill level 5 in Maces & Flails
  3286 | D:3      | Reached XP level 7. HP: 42/52 MP: 7/7
  3726 | D:4      | Noticed lis82's ghost (amateur DgTm)
  3748 | D:4      | Killed lis82's ghost
  3748 | D:4      | Reached skill level 6 in Maces & Flails
  3748 | D:4      | Reached XP level 8. HP: 33/58 MP: 8/8
  3763 | D:4      | Found a sand-covered staircase.
  3791 | Ossuary  | Entered an ossuary
  4285 | D:4      | Reached skill level 7 in Maces & Flails
  4427 | D:4      | Found a runed door.
  4483 | D:4      | Found a shadowy altar of Dithmenos.
  4575 | D:4      | Found a staircase to the Ecumenical Temple.
  4788 | D:4      | Noticed Crazy Yiuf
  4794 | D:4      | Killed Crazy Yiuf
  4888 | Temple   | Entered the Ecumenical Temple
  5160 | D:5      | Entered Level 5 of the Dungeon
  5255 | D:5      | Reached skill level 8 in Maces & Flails
  5267 | D:5      | Reached XP level 9. HP: 51/64 MP: 9/9
  5549 | D:5      | Noticed Htamos's ghost (novice OpWz)
  5560 | D:5      | Killed Htamos's ghost
  5560 | D:5      | Reached skill level 9 in Maces & Flails
  5835 | D:5      | Reached skill level 10 in Maces & Flails
  6178 | D:5      | Found a burning altar of Makhleb.
  6383 | D:5      | Found a snail-covered altar of Cheibriados.
  6389 | D:5      | Became a worshipper of Cheibriados the Contemplative
  6433 | D:6      | Noticed Grinder
  6470 | D:6      | Killed Grinder
  6619 | D:6      | Reached skill level 11 in Maces & Flails
  6777 | D:6      | Reached XP level 10. HP: 63/70 MP: 10/10
  6862 | D:6      | Reached * piety under Cheibriados
  7202 | D:6      | Found a hazy altar of Hepliaklqana.
  7422 | D:6      | Found Zacsuf's Book Boutique.
  7932 | D:7      | Found a snail-covered altar of Cheibriados.
  7978 | D:7      | Reached skill level 12 in Maces & Flails
  8280 | D:7      | Found an opulent altar of Gozag.
  8344 | D:7      | Found a basalt altar of Yredelemnul.
  8733 | D:7      | Found an ancient bone altar of Kikubaaqudgha.
  9036 | D:8      | Reached ** piety under Cheibriados
  9225 | D:8      | You fall through a shaft for 2 floors!
  9225 | D:10     | Entered Level 10 of the Dungeon
  9238 | D:10     | Found a shimmering altar of Xom.
  9279 | D:10     | Reached skill level 13 in Maces & Flails
  9774 | D:10     | Reached XP level 11. HP: 54/75 MP: 11/11
  9982 | D:10     | Noticed Harold
  9996 | D:10     | Killed from afar by Harold

Skill      XL: |  1  2  3  4  5  6  7  8  9 10 |
---------------+-------------------------------+-----
Shields        | 4 5 7 9 |  9.0
Maces & Flails | 3 4 5 6 8 11 13 | 13.7
Fighting       | |  3.2
Armour         | |  3.2

Action                   |  1- 3 |  4- 6 |  7- 9 | 10-12 || total
-------------------------+-------+-------+-------+-------++-------
Melee: Flail             |   144 |       |       |       ||   144
       Short sword       |     8 |     2 |       |       ||    10
       Mace              |       |   119 |   310 |   244 ||   673
  Use: Scroll            |       |       |     7 |     1 ||     8
       Potion            |       |       |       |     3 ||     3
  Eat: Chunk             |     1 |     7 |     8 |     7 ||    23
       Ration            |       |       |     1 |       ||     1
Armor: Scale mail        |    81 |    34 |    39 |       ||   154
       Chain mail        |       |       |    24 |    47 ||    71
Dodge: Dodged            |    66 |    26 |    61 |    57 ||   210
Block: Shield            |    92 |    52 |   153 |   115 ||   412
